 Dungeon Crawl Stone Soup version 0.17-a0-469-g696e5a1 (webtiles) character file.

39 krae the Insei (level 3, -3/23 HPs)
             Began as an Octopode Transmuter on Apr 6, 2015.
             Slain by an ogre
             ... wielding a +0 giant club
              (9 damage)
             ... on level 4 of the Dungeon.
             The game lasted 00:08:21 (1346 turns).

krae the Insei (Octopode Transmuter)                Turns: 1346, Time: 00:08:21

Health: -3/23      AC:  1    Str:  9    XL:     3   Next: 47%
Magic:  6/6        EV: 12    Int: 15    God:
Gold:   70         SH:  0    Dex: 13    Spells: 2 memorised, 3 levels left

rFire  . . .     SeeInvis .     b - 20 arrows
rCold  . . .     Clarity  .     (no shield)
rNeg   + . .     SustAb   .     (helmet restricted)
rPois  .         Gourm    .     (no amulet)
rElec  .         Spirit   .     g - ring of positive energy
rCorr  .         Warding  .     (no ring)
rMut   .         Stasis   .     (no ring)
MR     .....                    (no ring)
Stlth  ++........               (no ring)
                                (no ring)
                                (no ring)
                                (no ring)

@: not resistant to hostile enchantments, unstealthy
A: almost no armour, amphibious, 8 rings, constrict 8, camouflage 1, gelatinous
body 1
a: no special abilities


You were on level 4 of the Dungeon.
You were very hungry.

You visited 1 branch of the dungeon, and saw 5 of its levels.

You collected 70 gold pieces.


Innate Abilities, Weirdness & Mutations

You cannot wear most types of armour.
You are amphibious.
You can wear up to eight rings at the same time.
You can use your tentacles to constrict eight enemies at once.
Your skin changes colour to match your surroundings (Stealth).
Your rubbery body absorbs attacks (AC +1).


   Skills:
 - Level 1.0 Fighting
 - Level 2.0 Dodging
 + Level 4.4 Unarmed Combat
 - Level 2.0 Spellcasting
 - Level 2.0 Transmutations


You had 3 spell levels left.
You knew the following spells:

 Your Spells              Type           Power        Failure   Level  Hunger
z - Beastly Appendage     Trmt           #.....       12%         1    #......
Z - Sticks to Snakes      Trmt           #.........   14%         2    ###....

Inventory:

Missiles
 b - 20 arrows (in tentacle)
 i - 16 poisoned needles
Jewellery
 g - a ring of positive energy (left tentacle)
Scrolls
 f - 2 scrolls of identify {unknown}
 h - a scroll of fear {unknown}
 j - a scroll of blinking {unknown}
 k - a scroll of noise {unknown}
 m - a scroll of amnesia {unknown}
Potions
 c - a potion of resistance {unknown}
 e - 2 potions of invisibility {unknown}
 n - a potion of berserk rage {unknown}
 o - a potion of curing {unknown}
Books
 d - a book of Changes
Comestibles
 a - 2 bread rations
 l - a meat ration

Dungeon Overview and Level Annotations

Branches:
Dungeon (5/15)
 Temple: D:4-7

Altars:

Annotations:
D:2 Sigmund

##...######.###...........# ####.
..................#.#.....###....
............#.#............######
#######.#######.##...............
#.# #.........########.
#.###########.#######....#.
#.#.......###o## #.....#.
#.#........Ooo.#####....!#.
##.########x###...........## #.#
#..# #.####.###.## #.# #..#####
#.## #.# ##..o#####.####.#
##...o.##....#.# #..##.#####.#.#
#####£#####.#.# #..o....#....
#############


You could see an ogre and 3 orcs.


Message History

Orders for allies: a - Attack new target. p - Attack previous target. r - Retreat! s - Stop attacking. w - Wait here. f - Follow me.
Anything else - Stay silent.
Gang up on whom?
Aim: an ogre, wielding a giant club (heavily wounded) Attack!
The ogre hits your ball python with a giant club!
Your ball python dies!
You see here 19 sling bullets.
An orc comes into view. It is wielding a trident.
The orc shouts!
The orc misses you. The orc barely misses you. The orc completely misses you.
The ogre hits you with a giant club!!
Ouch! That really hurt!
* * * LOW HITPOINT WARNING * * *
The orc hits you but does no damage.
Read which item? (? for menu, Esc to quit)
Okay, then.
Found 10 gold pieces.
You see here 10 gold pieces.
Found 16 gold pieces.
An orc comes into view.
The orc shouts!
You hear a shout!
An orc comes into view. It is wielding a dagger.
The orc closely misses you. The ogre hits you with a giant club!
You die...

Action                   || total
-------------------------++-------
Melee: Unarmed           ||    63
 Cast: Beastly Appendage ||    22
       Sticks to Snakes  ||     7
 Stab: Sleeping          ||     5
  Eat: Chunk             ||     1

Vault maps used:
D:1:      matt_arrival_spirals, nemelex_deck
D:2:      grunt_temple_overflow_open, first_bread, uniq_sigmund
D:4:      serial_co_window_serial, co_window_paths_a, co_window_corner_a,
          co_window_corner_a, co_window_corner_a, co_window_paths_a,
          co_window_unsneaky_path_a, co_window_unsneaky_path_c,
          co_window_corner_cb, co_window_unsneaky_path_a, co_window_paths_d,
          co_window_4corner_b, glass_columns_c, glass_columns_a, uniq_grinder,
          uniq_crazy_yiuf_cottage
D:5:      serial_shops, nicolae_shop_waterfront, nicolae_shop_trees,
          nicolae_shop_statue_plus

Notes
Turn   | Place    | Note
--------------------------------------------------------------
     0 | D:1      | krae, the Octopode Transmuter, began the quest for the Orb.
     0 | D:1      | Reached XP level 1. HP: 13/13 MP: 3/3
   252 | D:1      | Reached XP level 2. HP: 18/18 MP: 5/5
   268 | D:1      | Learned a level 2 spell: Sticks to Snakes
   415 | D:2      | Noticed Sigmund
   534 | D:2      | Reached skill level 4 in Unarmed Combat
   802 | D:3      | Reached XP level 3. HP: 15/23 MP: 4/6
  1140 | D:5      | Entered Level 5 of the Dungeon
  1190 | D:4      | Noticed an ogre
  1346 | D:4      | Slain by an ogre

Vanquished Creatures
  A giant gecko (D:2)
  2 orcs (D:3)
  A ball python (D:3)
  7 goblins
  4 hobgoblins
  4 bats
  2 giant cockroaches
  3 giant newts
  A jackal skeleton (D:5)
  5 kobolds
  3 rats
33 creatures vanquished.

Vanquished Creatures (collateral kills)
  A worm (D:3)
1 creature vanquished.

Grand Total: 34 creatures vanquished
